 Dungeon Crawl Stone Soup version 0.29-a0-802-g34511f41fd (webtiles) character file.

Game seed: 12931540305686113238

4 gobodom the Insei (level 1, 0/13 HPs)
             Began as an Octopode Transmuter on July 3, 2022.
             Slain by a ball python (3 damage)
             ... on level 1 of the Dungeon.
             The game lasted 00:00:30 (257 turns).

gobodom the Insei (Octopode Transmuter)              Turns: 257, Time: 00:00:30

Health: 0/13       AC:  1    Str:  9    XL:     1   Next: 70%
Magic:  2/3        EV: 13    Int: 15    God:
Gold:   42         SH:  0    Dex: 12    Spells: 3/4 levels left

rFire   . . .      SeeInvis .     - Unarmed
rCold   . . .      Faith    .   (no shield)
rNeg    . . .      Spirit   .   (helmet currently unavailable)
rPois   .          Reflect  .   (no amulet)
rElec   .          Harm     .   (no ring)
rCorr   .          Rampage  .   (no ring)
Will    .....                   (no ring)
Stlth   ++........              (no ring)
HPRegen 0.04/turn               (no ring)
MPRegen 0.08/turn               (no ring)
                                (no ring)
                                (no ring)

@: appendages (expiring)
A: tentacle spike 3, almost no armour, amphibious, 8 rings, camouflage 1,
gelatinous body 1, (nimble swimmer 1), tentacles
a: End Transformation


You were on level 1 of the Dungeon.
One of your tentacles had grown a beastly spike.
You visited 1 branch of the dungeon, and saw 1 of its levels.

You collected 42 gold pieces.

Inventory:

Potions
 a - a potion of lignification


   Skills:
 + Level 1.0 Fighting
 + Level 2.1 Dodging
 + Level 0.4 Stealth
 + Level 3.0 Unarmed Combat
 + Level 2.1 Spellcasting
 + Level 2.0 Transmutations


You had 3 spell levels left.
You knew the following spells:

 Your Spells              Type           Power      Damage    Failure   Level
a - Beastly Appendage     Tmut           14%        N/A       10%         1

Your spell library contained the following spells:

 Spells                   Type           Power      Damage    Failure   Level
 Wereblood                Tmut           7%         N/A       14%         2
 Spider Form              Tmut/Pois      4%         N/A       41%         3
 Ice Form                 Ice/Tmut       4%         N/A       82%         4


Dungeon Overview and Level Annotations

Branches:
Dungeon (1/15)

Altars:


Innate Abilities, Weirdness & Mutations

One of your tentacles has grown a beastly spike.
You cannot wear most types of armour.
You are amphibious.
You can wear up to eight rings at the same time.
Your skin changes colour to match your surroundings (Stealth+).
Your rubbery body absorbs attacks. (AC +1, EV +1)
((You are camouflaged when in or above water. (Stealth+)))
You have tentacles for arms and can constrict up to eight enemies at once.


Message History

A ball python comes into view.
A goblin comes into view. It is wielding a +3 dagger.
The ball python moves out of view.
A goblin comes into view. It is wielding a +0 dagger.
The goblin hits you with a +0 dagger.
One of your tentacles grows a vicious spike.
The goblin barely misses you.
You tentacle-slap the goblin. Your grab misses the goblin.
You pierce the goblin.
You kill the goblin!
Found a faded altar of an unknown god.
Things that are here:
a +0 dagger; a goblin corpse A ball python comes into view.
Your transformation is almost over.
An endoplasm comes into view.
You extend your transformation's duration.
The ball python hisses angrily.
The endoplasm quivers.
You hear an angry hiss. x2
Your transformation is almost over.
The ball python attacks as you move away!
The ball python misses you. The ball python barely misses you.
The ball python misses you. The ball python closely misses you.
The ball python attacks as you move away!
The ball python bites you.
The ball python bites you but does no damage.
The ball python grabs you. The ball python constricts you.
The ball python bites you.
You escape the ball python's grasp.
The ball python attacks as you move away!
The ball python bites you.
* * * LOW HITPOINT WARNING * * *
The ball python misses you.
The ball python attacks as you move away!
The ball python closely misses you.
You barely miss the ball python. Your grab misses the ball python.
Your tentacle spike misses the ball python.
The ball python bites you.
You die...

###....##....#####.#
........+....'......
....#####....#####..
....##.......############
.#..............)........
.+..........>...#.#.####
.#.###...##....###..#
.#.# ######.....#.J##
.#.# #.....@SS.## .#.#
#......#...# .#.#
#########.S...# .+
##._.## .# ....# .+
.#...# .# ###.... .# #..#
## .##


You could see an endoplasm and 3 ball pythons.

Vanquished Creatures
  2 endoplasms (D:1)
  A hobgoblin (D:1)
  A goblin (D:1)
4 creatures vanquished.

Notes
Turn   | Place    | Note
-------+----------+-------------------------------------------
     0 | D:1      | gobodom the Octopode Transmuter began the quest for the
                  | Orb.
     0 | D:1      | Reached XP level 1. HP: 13/13 MP: 3/3
   247 | D:1      | Found a faded altar of an unknown god.
   257 | D:1      | Slain by a ball python

Illustrated notes

Levels and vault maps discovered:
D:1:      psy_arrival_radial01, layout_basic, nicolae_ecumenical_snake_handling

Action                   || total
-------------------------++-------
Melee: Unarmed           ||     6
       Kick              ||     3
       Tentacles         ||     3
       Constrict         ||     1
 Cast: Beastly Appendage ||     5
 Stab: Sleeping          ||     2
Armor: Skin              ||     1
Dodge: Dodged            ||     8

Table legend: (Time is in decaauts)
 A = Elapsed time spent in this place.
 B = Non-inter-level travel time spent in this place.
 C = Inter-level travel time spent in this place.
 D = Time resting spent in this place.
 E = Time spent auto-exploring this place.
 F = Levels seen in this place.
 G = Mean time per level.
                   A        B        C        D        E       F      G
               +--------+--------+--------+--------+--------+-----+--------+
         Total |    256 |    256 |      0 |      0 |    214 |   1 |  256.0 |
       Dungeon |    256 |    256 |      0 |      0 |    214 |   1 |  256.0 |
               +--------+--------+--------+--------+--------+-----+--------+

Top non-repeatable levels by time:
     D:1: 256 daAuts
